 Dungeon Crawl Stone Soup version 0.28-a0-239-g68911e0c57 (webtiles) character file.

Game seed: 18191467779122291396

41 Anathary the Ducker (level 3, -7/27 HPs)
             Began as a Demonspawn Gladiator on Aug 23, 2021.
             Was a Believer of Makhleb.
             Mangled by Terence (10 damage)
             ... on level 2 of the Dungeon.
             The game lasted 00:05:06 (1386 turns).

Anathary the Ducker (Demonspawn Gladiator)          Turns: 1386, Time: 00:05:06

Health: -7/27      AC:  4    Str: 15    XL:     3   Next: 32%
Magic:  3/3        EV: 12    Int:  9    God:    Makhleb [**....]
Gold:   39         SH:  0    Dex: 14    Spells: 2/2 levels left

rFire   . . .      SeeInvis .   a - +0 long sword
rCold   . . .      Faith    .   (no shield)
rNeg    . . .      Spirit   .   b - +0 leather armour
rPois   .          Reflect  .   c - +0 helmet
rElec   .          Harm     .   (no cloak)
rCorr   .          Rampage  .   (no gloves)
Will    .....                   (no boots)
Stlth   +.........              (no amulet)
HPRegen 0.09/turn               (no ring)
MPRegen 0.08/turn               (no ring)

@: hasted, very quick
A: claws 1, spiny 1
a: Renounce Religion, Minor Destruction


You were on level 2 of the Dungeon.
You worshipped Makhleb.
Makhleb was pleased with you.
You visited 1 branch of the dungeon, and saw 2 of its levels.

You collected 39 gold pieces.

Inventory:

Hand Weapons
 a - a +0 long sword (weapon)
Missiles
 d - 3 throwing nets (quivered)
Armour
 b - a +0 leather armour (worn)
 c - a +0 helmet (worn)
Scrolls
 f - a scroll of amnesia {unknown}
 h - 2 scrolls of teleportation {unknown}
Potions
 e - a potion of heal wounds {unknown}
 g - a potion of resistance {unknown}
 j - a potion of flight {unknown}


   Skills:
 + Level 2.2 Fighting
 + Level 3.2 Long Blades
 + Level 1.8 Throwing
 + Level 0.5 Armour
 + Level 3.2 Dodging


You had 2 spell levels left.
You didn't know any spells.
Your spell library contained the following spells:

 Spells                   Type           Power      Damage    Failure   Level
 Magic Dart               Conj           0%         1d3       45%         1
 Call Imp                 Summ           0%         N/A       58%         2
 Mephitic Cloud           Conj/Pois/Air  0%         N/A       83%         3


Dungeon Overview and Level Annotations

Branches:
Dungeon (2/15)

Altars:
Makhleb

Shops:
D:2 :*:

Annotations:
D:2 Terence


Innate Abilities, Weirdness & Mutations

You have sharp fingernails.
You are partially covered in sharp spines.


Message History

Terence the Incautious comes into view.
He is wielding a +0 trident and wearing a +0 chain mail of cold resistance.
There is an open door here.
A hobgoblin comes into view.
The hobgoblin shouts!
Terence hits you with a +0 trident.
You hit Terence.
Terence is moderately wounded.
Terence hits you with a +0 trident. The hobgoblin hits you.
You hit Terence.
Terence is moderately wounded.
Terence hits you with a +0 trident. The hobgoblin is struck by your spines.
The hobgoblin closely misses you.
You riposte.
You hit the hobgoblin.
The hobgoblin is almost dead.
You closely miss Terence.
Terence is moderately wounded.
Terence closely misses you. The hobgoblin is struck by your spines.
You kill the hobgoblin!
Makhleb accepts your kill. Terence closely misses you.
You completely miss Terence.
Terence is moderately wounded.
Terence is struck by your spines. Terence hits you with a +0 trident!
You hit Terence.
Terence is heavily wounded.
Terence hits you with a +0 trident.
* * * LOW HITPOINT WARNING * * *
You hit Terence but do no damage.
Terence is heavily wounded.
Terence barely misses you.
You riposte.
You closely miss Terence.
Terence is heavily wounded.
It was a potion of haste.
You feel yourself speed up. Terence hits you with a +0 trident.
* * * LOW HITPOINT WARNING * * *
You hit Terence but do no damage.
Terence is heavily wounded.
Terence closely misses you.
You barely miss Terence.
Terence is heavily wounded.
Terence hits you with a +0 trident!
You die...

..##
##....#####.##.##.##.#
..# #....
...##.##.##.#### ###
#.... ##..............#
#.... #.#....#.##....#
#.... #.#.#....##.#...
..... #.#.#...........
####..###......#.##.##..
......(......>...##.##..
#..@@....#.##........
#######'##.###.......
#........'.......
#######.#####....
#.#.#b# #.... #P#.#.#
#.... #.#.#.# #....
#.#.#P# ##'## #P#.#P#
#..#


You could see Terence.

Vanquished Creatures
  A dart slug (D:2)
  4 bats
  6 endoplasms (D:1)
  2 giant cockroaches (D:1)
  3 hobgoblins
  4 kobolds (D:1)
  A quokka (D:1)
  2 ball pythons (D:1)
  2 frilled lizards (D:1)
  4 goblins
  4 rats (D:1)
33 creatures vanquished.

Vanquished Creatures (others)
  A fungus (D:1)
  A plant (D:1)
2 creatures vanquished.

Grand Total: 35 creatures vanquished

Notes
Turn   | Place    | Note
-------+----------+-------------------------------------------
     0 | D:1      | Anathary the Demonspawn Gladiator began the quest for the
                  | Orb.
     0 | D:1      | Reached XP level 1. HP: 16/16 MP: 1/1
   135 | D:1      | Found a faded altar of an unknown god.
   159 | D:1      | Became a worshipper of Makhleb the Destroyer
   159 | D:1      | Reached * piety under Makhleb
   254 | D:1      | Gained mutation: You are partially covered in sharp spines.
                  | [demonic ancestry]
   254 | D:1      | Reached XP level 2. HP: 22/22 MP: 2/2
   538 | D:1      | Reached ** piety under Makhleb
   539 | D:1      | Gained mutation: You have sharp fingernails. [demonic
                  | ancestry]
   539 | D:1      | Reached XP level 3. HP: 19/27 MP: 3/3
   885 | D:2      | Found Qaxyjaq's Book Boutique.
  1190 | D:2      | Found Sotyahui's Book Emporium.
  1228 | D:2      | Found Qewesm's Assorted Antiques.
  1374 | D:2      | Noticed Terence
  1386 | D:2      | Mangled by Terence

Illustrated notes

Levels and vault maps discovered:
D:1:      shiori_shiawase, layout_basic, shapermc_ecumenical_altar_hornbeckon,
          st_stairs_10, minmay_fountain_box
D:2:      layout_basic, serial_aquarium, aquarium_bridge_long_separate
          [aquarium_subvault_wall, aquarium_subvault_wall,
          aquarium_subvault_bridge, aquarium_subvault_bridge,
          aquarium_subvault_wall, aquarium_subvault_bridge],
          aquarium_bridge_square [aquarium_subvault_window,
          aquarium_subvault_window, aquarium_subvault_wall,
          aquarium_subvault_bridge], aquarium_window_2, aquarium_window_3,
          aquarium_window_fake, aquarium_view_2c, serial_shops,
          nicolae_square_shop, shop, shop, nrook_uturn,
          hangedman_abyss_or_decor_lesser_grid, corexii_shack,
          chequers_decorated_corner, dk_noncrumbling_3, uniq_terence

Skill      XL: |  1  2 |
---------------+-------+-----
Dodging        | 3 |  3.2
Long Blades    | 3 |  3.2
Fighting       | |  2.2
Throwing       | |  1.8
Armour         | |  0.5

Action                   || total
-------------------------++-------
Melee: Long sword        ||    66
  Use: Potion            ||     1
Armor: Leather armour    ||    21
Dodge: Dodged            ||    44
       Rpst.: Long sword ||    12

Table legend: (Time is in decaauts)
 A = Elapsed time spent in this place.
 B = Non-inter-level travel time spent in this place.
 C = Inter-level travel time spent in this place.
 D = Time resting spent in this place.
 E = Time spent auto-exploring this place.
 F = Levels seen in this place.
 G = Mean time per level.
                   A        B        C        D        E       F      G
               +--------+--------+--------+--------+--------+-----+--------+
         Total |   1414 |   1400 |     14 |    518 |    322 |   2 |  707.0 |
       Dungeon |   1414 |   1400 |     14 |    518 |    322 |   2 |  707.0 |
               +--------+--------+--------+--------+--------+-----+--------+

Top non-repeatable levels by time:
     D:1: 911 daAuts
     D:2: 503 daAuts
